Map: Saalok station

Players

Tesla

  • Race: Protoss Protoss

llllllllllll - Winner!

  • Race: Protoss Protoss
  • League: Diamond

VOD

Have the link to the VOD?

Description

https://www.twitch.tv/gosu_pvp

Time

  • Played on: July 24, 2016, 11:43 a.m.
  • Length: 7:20
Show
View Real Time Build Order
Export as new Build Order

Tesla Protoss 

Build Orders: Phoenix Opening 

Get SALT Encoding   

  12  0:01  Probe (Chrono Boost)  
  13  0:11  Probe (Chrono Boost)  
  14  0:18  Pylon  
  14  0:22  Probe (Chrono Boost)  
  15  0:36  Probe (Chrono Boost)  
  16  0:47  Probe (Chrono Boost)  
  16  0:49  Gateway  
  17  0:51  Pylon  
  17  0:58  Probe (Chrono Boost), Assimilator  
  18  1:09  Probe (Chrono Boost)  
  19  1:19  Probe (Chrono Boost)  
  20  1:30  Probe (Chrono Boost)  
  21  1:40  Probe (Chrono Boost)  
  22  1:49  Nexus  
  22  1:51  Probe (Chrono Boost)  
  23  1:54  Cybernetics Core  
  23  2:01  Probe (Chrono Boost)  
  23  2:05  Assimilator  
  24  2:12  Probe (Chrono Boost)  
  26  2:22  Probe (Chrono Boost)  
  26  2:30  Warp Gate  
  26  2:33  Probe (Chrono Boost)  
  27  2:37  Pylon  
  29  2:44  Mothership Core (Chrono Boost)  
  29  2:48  Pylon  
  29  2:52  Stalker  
  31  3:01  Stargate  
  31  3:02  Probe (Chrono Boost)  
  31  3:05  Probe (Chrono Boost)  
  34  3:13  Probe (Chrono Boost)  
  34  3:16  Probe (Chrono Boost)  
  35  3:23  Probe (Chrono Boost)  
  35  3:26  Probe (Chrono Boost)  
  37  3:33  Assimilator  
  37  3:44  Assimilator  
  37  3:45  Stalker  
  37  3:46  Phoenix  
  37  3:47  Pylon  
  41  3:56  Stargate  
  41  3:58  Pylon  
  41  4:02  Probe x2 (Chrono Boost)  
  43  4:13  Probe x2 (Chrono Boost)  
  43  4:14  Forge  
  45  4:23  Probe x2 (Chrono Boost)  
  47  4:24  Stalker  
  47  4:28  Phoenix  
  51  4:34  Probe x2 (Chrono Boost)  
  53  4:40  Gateway  
  53  4:44  Probe x2 (Chrono Boost)  
  55  4:48  Robotics Facility  
  55  4:55  Phoenix, Probe (Chrono Boost)  
  58  5:02  Phoenix  
  58  5:04  Probe (Chrono Boost)  
  58  5:05  Protoss Ground Weapons Level 1  
  61  5:10  Probe (Chrono Boost)  
  62  5:15  Probe (Chrono Boost)  
  63  5:23  Pylon  
  63  5:27  Pylon  
  63  5:31  Pylon  
  63  5:34  Forge  
  54  5:40  Stalker  
  48  5:45  Twilight Council  
  40  5:58  Phoenix  
  40  6:02  Stalker  
  40  6:03  Stalker  
Show
View Real Time Build Order
Export as new Build Order

llllllllllll Protoss - Winner!

Build Orders: 1 Gate Expand 

Get SALT Encoding   

  12  0:02  Probe (Chrono Boost)  
  13  0:12  Probe (Chrono Boost)  
  14  0:23  Probe (Chrono Boost)  
  14  0:28  Pylon  
  15  0:46  Probe (Chrono Boost)  
  15  0:47  Gateway  
  16  0:54  Gateway  
  17  0:57  Probe (Chrono Boost)  
  17  1:07  Probe (Chrono Boost)  
  18  1:12  Assimilator  
  18  1:20  Pylon  
  18  1:22  Probe (Chrono Boost)  
  20  1:33  Probe (Chrono Boost)  
  20  1:41  Nexus  
  20  1:54  Cybernetics Core  
  20  1:57  Probe (Chrono Boost)  
  20  2:00  Assimilator  
  21  2:07  Probe (Chrono Boost)  
  22  2:10  Pylon  
  22  2:18  Probe (Chrono Boost)  
  23  2:28  Probe (Chrono Boost)  
  24  2:33  Twilight Council  
  24  2:40  Warp Gate  
  24  2:41  Probe (Chrono Boost)  
  25  2:48  Adept  
  27  2:56  Probe (Chrono Boost)  
  28  3:05  Robotics Facility  
  28  3:09  Resonating Glaives  
  28  3:10  Probe (Chrono Boost)  
  29  3:30  Probe x2 (Chrono Boost)  
  29  3:32  Assimilator  
  31  3:40  Probe (Chrono Boost)  
  33  3:42  Probe (Chrono Boost)  
  33  3:47  Gateway  
  33  3:49  Gateway  
  33  3:51  Probe (Chrono Boost)  
  33  3:54  Probe (Chrono Boost)  
  35  3:56  Warp Prism  
  37  4:04  Gateway  
  37  4:07  Probe (Chrono Boost)  
  39  4:11  Probe (Chrono Boost)  
  41  4:22  Gateway  
  39  4:24  Gateway  
  39  4:30  Gateway  
  39  4:45  Adept x2  
  43  4:46  Adept  
  45  4:57  Pylon  
  45  5:00  Pylon  
  45  5:02  Probe (Chrono Boost)  
  47  5:08  Probe (Chrono Boost)  
  47  5:10  Assimilator  
  47  5:12  Probe (Chrono Boost)  
  48  5:20  Probe (Chrono Boost)  
  49  5:32  Adept x5  
  57  5:58  Stalker x2  
  57  5:59  Stalker x4  
  63  6:10  Pylon  
  63  6:13  Pylon  
  59  6:19  Forge  
  59  6:21  Stalker  
  59  6:22  Stalker  
  59  6:24  Stalker x2  
  61  6:52  Stalker x3  
  61  6:53  Stalker x3  
Tags
 
Add a new tag
Caveats
  • Supply blocks, unpowered buildings, or Contaminate may cause inaccurate times.
  • Supply counts are checked every 10 seconds.